monkhack, neutral male human Monk # ------------- --|--- ----------- |...........| ####################)###.....-##### #..........| ##....>.......+####################### |....| ###|.........| % --.--------.-#### --.------------## .....| ###|.........| -------- #%# #### |....%.(......| |....| ### #..........| |$m@.%.| # ### |..............# --.--- # ----------- |$M1.%.)## # ##..............|# ### |s$d.)%| # |.............|# # -------- ### ---------------# # # # # ### # # ------ # ### -------# |....| ### # |.....|# |..<.| # ##-.....|# |....-####### |.....|# |....| |.....|# ------ |.{...-# ------- monkhack the Initiate Experience level: 8 Strength: 16 Dexterity: 12 Constitution: 11 Intelligence: 14 Wisdom: 16 Charisma: 7 Health: 0(50) Energy: 31(45) AC: 6 Gold: 332 Moves: 2964 Your Inventory: Coins $ - 332 gold pieces Armor a - an uncursed +2 pair of leather gloves b - an uncursed +1 robe (being worn) d - an [uncursed +0] pair of leather gloves q - an [uncursed] +0 pair of leather gloves [of cold] & spd [& dex & warn] (being worn) G - an [uncursed] rotted +0 pair of elven boots (being worn) Comestibles T - an [uncursed] lizard corpse Scrolls g - an [uncursed] scroll labeled TEMOV [of destroy armor] Tools k - an [uncursed] key [skeleton key] B - an [uncursed] bag called holding [of holding] C - an [uncursed] brass lantern S - an [uncursed] looking glass [mirror] Contents of the bag of holding: 1478 gold pieces 3 [uncursed +0] darts 8 [uncursed +0] silver arrows an [uncursed] K-ration 6 uncursed apples an [uncursed] candy bar 7 uncursed food rations 6 uncursed fortune cookies 5 uncursed oranges an [uncursed] tripe ration an [uncursed] scroll called abra 60/80? [of enchant weapon] an [uncursed] scroll called garven 100 [of magic mapping] 2 [uncursed] scrolls called identify [of identify] an [uncursed] scroll labeled VE FORBRYDERNE [of fire] 2 uncursed scrolls of light an [uncursed] spellbook called gold 7 [of cancellation] a blessed spellbook of sleep an [uncursed] thin spellbook [of haste self] a [blessed] potion called amber 150/200? [of blindness] an [uncursed] potion called dark green 200 [of polymorph] 2 [uncursed] potions called fizzy 150/200? [of monster detection] an [uncursed] potion called yellow (obj det?) [of object detection] 3 uncursed potions of healing an [uncursed] silver potion [of speed] an [uncursed] wand of fire [0:3] a [blessed] glass orb [(crystal ball) (0:3)] an [uncursed] magic marker [0:64] an [uncursed] tin whistle 2 [uncursed] black gems [worthless glass] Spells known in the end: Name Level Category Fail Memory a - sleep 1 enchantment 0% [|||||||.] Your skills at the end: Fighting Skills martial arts [Skilled] Weapon Skills Spellcasting Skills healing spells [Basic] Final Attributes: You were piously aligned. Hunger level was 671. Your alignment was 24 / 24. Monster difficulty range was 1 - 8. Level difficulty was 8. You were immune to cold. You were immune to sleep. You were immune to poison. You saw invisible. You were warned. You were stealthy. You were very fast. Your luck was zero. You are dead. Vanquished creatures: 2 wargs a pyrolisk a tiger a soldier an iron piercer a brown pudding a rust monster a gold golem a lizard a dingo 4 snow ants a wood nymph a water nymph a fog cloud a yellow light a shrieker a violet fungus 3 gnome lords 4 giant ants a kitten 4 homunculi a kobold shaman 2 rothes 2 giant bats 2 dwarf zombies 2 iguanas a large kobold a cave spider a brown mold a yellow mold 3 gnomes 2 geckos 3 jackals 2 kobolds a goblin 2 lichens 4 newts 63 creatures vanquished. Voluntary challenges: You were an atheist. You were vegetarian. You never hit with a wielded weapon. You read items or engraved 5 times. You put on armor 11 times. You never genocided any monsters. You never polymorphed an object. You never changed form. You used no wishes. You wrote Elbereth's name 4 times. You never encountered a bones level. You never used any Sokoban shortcuts. Dungeon overview: The Dungeons of Doom: levels 1 to 9 Level 1 a fountain a long staircase Level 2 a general store Level 3 many fountains, a sink stairs to The Gnomish Mines Level 6 a general store, some fountains, a sink Level 7 a fountain Level 8 <- You were here a fountain The Gnomish Mines: Level 4 stairs to The Dungeons of Doom History has recorded: On T:1 you entered the Dungeons of Doom to retrieve the Amulet of Yendor! On T:152 you advanced to experience level 2. On T:192 you reached level 2 of The Dungeons of Doom. On T:672 you reached level 3 of The Dungeons of Doom. On T:689 you advanced to experience level 3. On T:704 you reached level 1 of The Gnomish Mines. On T:835 you advanced to experience level 4. On T:842 you reached level 4 of The Dungeons of Doom. On T:1323 you reached level 5 of The Dungeons of Doom. On T:1407 you reached level 6 of The Dungeons of Doom. On T:1523 you advanced to experience level 5. On T:1660 you reached level 7 of The Dungeons of Doom. On T:1717 you advanced to experience level 6. On T:2340 you advanced to experience level 7. On T:2537 you reached level 8 of The Dungeons of Doom. On T:2905 you reached level 9 of The Dungeons of Doom. On T:2928 you advanced to experience level 8. Latest messages: You see here a warg corpse. $ - 25 gold pieces. You see here a pyrolisk corpse. $ - 23 gold pieces. You see here a bow. $ - 14 gold pieces. $ - 12 gold pieces. $ - 75 gold pieces. $ - 147 gold pieces. That gold was a small mimic! You hit the small mimic! The small mimic hits! You hit the small mimic! The warg bites! You write "Elbereth" with your fingers into the dust. You add "Elbereth" with your fingers to the writing in the dust. The warg turns to flee! The tengu turns to flee! The giant spider turns to flee! You hit the giant spider! You hit the kobold mummy! (2x) The small mimic hits! You die... Final status: Punardarsanaya monkhack the Monk... You died in The Dungeons of Doom on dungeon level 8 with 14558 points, and 1810 pieces of gold, after 2964 moves. You were level 8 with a maximum of 50 hit points when you died.